 Seeded DCSS version 0.28-a0-1493-g08698888e4 (webtiles) character file.

Game seed: 20220112 (custom seed)

105 a11behringer the Chopper (level 4, -2/40 HPs)
             Began as a Hill Orc Fighter on Jan 12, 2022.
             Slain by a gnoll (5 damage)
             ... on level 3 of the Dungeon.
             The game lasted 00:04:22 (2117 turns).

a11behringer the Chopper (Hill Orc Fighter)         Turns: 2117, Time: 00:04:22

Health: -2/40      AC:  7    Str: 20    XL:     4   Next: 81%
Magic:  4/4        EV:  9    Int:  8    God:
Gold:   100        SH:  4    Dex: 10    Spells: 3/3 levels left

rFire   . . .      SeeInvis .   a - +0 war axe
rCold   . . .      Faith    .   c - +0 buckler
rNeg    . . .      Spirit   .   b - +0 scale mail
rPois   .          Reflect  .   (no helmet)
rElec   .          Harm     .   (no cloak)
rCorr   .          Rampage  .   (no gloves)
Will    .....                   (no boots)
Stlth   ..........              (no amulet)
HPRegen 0.13/turn               (no ring)
MPRegen 0.09/turn               (no ring)

@: no status effects
A: no striking features
a: no special abilities


You were on level 3 of the Dungeon.
You visited 1 branch of the dungeon, and saw 3 of its levels.

You collected 100 gold pieces.

Inventory:

Hand Weapons
 a - a +0 war axe (weapon)
 p - a +1 vorpal hand crossbow
Missiles
 e - 19 arrows
Armour
 b - a +0 scale mail (worn)
 c - a +0 buckler (worn)
Jewellery
 k - a ring of see invisible
Wands
 o - a wand of digging (7)
Scrolls
 g - a scroll of fear {unknown}
 h - a scroll of fog {unknown}
 l - 2 scrolls of identify {unknown}
 n - 2 scrolls of teleportation {unknown}
Potions
 d - a potion of might
 f - a potion of cancellation {unknown}
 i - a potion of curing {unknown}
 j - a potion of degeneration {unknown}
 m - a potion of mutation {unknown}


   Skills:
 + Level 4.1 Fighting
 * Level 5.2 Axes
 + Level 3.8 Armour
 + Level 0.4 Dodging
 + Level 3.5 Shields


You had 3 spell levels left.
You didn't know any spells.
Your spell library was empty.

Dungeon Overview and Level Annotations

Branches:
Dungeon (3/15)

Altars:

Shops:
D:2 :


Message History

Your Axes skill increases to level 5!
You are too injured to fight recklessly!
You are too injured to fight recklessly!
You are too injured to fight recklessly!
You are too injured to fight recklessly!
Unknown command.
You are too injured to fight recklessly!
You are too injured to fight recklessly!
You are too injured to fight recklessly!
You are too injured to fight recklessly!
You are too injured to fight recklessly!
You barely miss the gnoll.
The gnoll is severely wounded.
You hit the gnoll. You completely miss the gnoll.
The gnoll hits you but does no damage. The gnoll completely misses you.
The gnoll hits you with a +0 flail.
You slash the gnoll!
You kill the gnoll!
You barely miss the gnoll. You hit the gnoll but do no damage.
The gnoll hits you but does no damage. The gnoll barely misses you.
The gnoll completely misses you.
You closely miss the gnoll. x2; The gnoll hits you with a +0 club!
* * * LOW HITPOINT WARNING * * *
The gnoll hits you with a +0 whip.
* * * LOW HITPOINT WARNING * * *
The gnoll barely misses you.
You closely miss the gnoll. x2; The gnoll hits you with a +0 whip.
* * * LOW HITPOINT WARNING * * *
The gnoll closely misses you.
You see here an amethyst potion.
You hit the gnoll.
The gnoll is heavily wounded.
You hit the gnoll. The gnoll barely misses you.
The gnoll hits you with a +0 club.
* * * LOW HITPOINT WARNING * * *
You barely miss the gnoll.
The gnoll is heavily wounded.
You hit the gnoll but do no damage. The gnoll hits you but does no damage.
The gnoll hits you with a +0 club.
You die...

. ###### .. ......## ...
... .....#####.... #.#
#....#ggg!.. #.#
#.......... #.#
#.#)####.<
..##########.#.g..######
.........##..#.g@......#
.............######....#
.............# ##.#
.............#
.............#
.............#
.............#
......##...#.#
...#...........


You could see 2 gnolls.

Vanquished Creatures
  Ijyb (D:2)
  2 adders
  2 gnolls (D:3)
  A dart slug (D:3)
  An orc (D:2)
  3 bats
  2 endoplasms (D:1)
  2 giant cockroaches
  9 goblins (D:2)
  2 hobgoblins
  A quokka (D:2)
  2 frilled lizards (D:2)
  5 kobolds
  4 rats
37 creatures vanquished.

Notes
Turn   | Place    | Note
-------+----------+-------------------------------------------
     0 | D:1      | a11behringer the Hill Orc Fighter began the quest for the
                  | Orb.
     0 | D:1      | Reached XP level 1. HP: 19/19 MP: 1/1
   130 | D:1      | Reached skill level 3 in Axes
   423 | D:1      | Reached XP level 2. HP: 16/27 MP: 2/2
   674 | D:1      | Found a faded altar of an unknown god.
  1427 | D:2      | Reached XP level 3. HP: 29/33 MP: 3/3
  1700 | D:2      | Reached skill level 4 in Axes
  1847 | D:2      | Noticed Ijyb
  1865 | D:2      | Killed Ijyb
  1866 | D:2      | Reached XP level 4. HP: 28/40 MP: 4/4
  1971 | D:2      | Found Gelagiog's Book Shop.
  2111 | D:3      | Reached skill level 5 in Axes
  2117 | D:3      | Slain by a gnoll

Illustrated notes

Levels and vault maps discovered:
D:1:      dpeg_arrival_stone_temple_mockup, layout_basic,
          hellmonk_ecumenical_altar_slurped_away,
          chequers_serial_rivers_large_a, minmay_pentomino_q2
D:2:      kennysheep_the_goblin_king, layout_loops_cross, serial_shops, shop,
          bh_walls_and_bars
D:3:      minmay_angry_zag, layout_rooms

Skill      XL: |  1  2  3  4 |
---------------+-------------+-----
Axes           | 3 4 5 |  5.2
Fighting       | 4 |  4.1
Armour         | |  3.8
Dodging        | |  0.4
Shields        | |  3.5

Action                   |  1- 3 |  4- 6 || total
-------------------------+-------+-------++-------
Melee: War axe           |   108 |    18 ||   126
Armor: Scale mail        |    55 |    10 ||    65
Dodge: Dodged            |    57 |    16 ||    73
Block: Buckler           |    24 |     6 ||    30

Table legend: (Time is in decaauts)
 A = Elapsed time spent in this place.
 B = Non-inter-level travel time spent in this place.
 C = Inter-level travel time spent in this place.
 D = Time resting spent in this place.
 E = Time spent auto-exploring this place.
 F = Levels seen in this place.
 G = Mean time per level.
                   A        B        C        D        E       F      G
               +--------+--------+--------+--------+--------+-----+--------+
         Total |   2164 |   1980 |    184 |      0 |   1669 |   3 |  721.3 |
       Dungeon |   2164 |   1980 |    184 |      0 |   1669 |   3 |  721.3 |
               +--------+--------+--------+--------+--------+-----+--------+

Top non-repeatable levels by time:
     D:2: 1128 daAuts
     D:1: 955 daAuts
     D:3: 80 daAuts
